 Dungeon Crawl Stone Soup version 0.25.1-2-g60ff931df9 (webtiles) character file.

Game seed: 10490917156136196963

86 H0rd4k the Insei (level 4, -2/28 HPs)
             Began as an Octopode Transmuter on Aug 20, 2020.
             Slain by a river rat (9 damage)
             ... on level 3 of the Dungeon on Aug 21, 2020.
             The game lasted 00:02:25 (2005 turns).

H0rd4k the Insei (Octopode Transmuter)              Turns: 2005, Time: 00:02:25

Health: -2/28      AC:  1    Str:  9    XL:     4   Next: 50%
Magic:  7/7        EV: 13    Int: 16    God:
Gold:   124        SH:  0    Dex: 12    Spells: 7/8 levels left

rFire    . . .     SeeInvis .     - Unarmed
rCold    . . .     Gourm    .   (no shield)
rNeg     . . .     Faith    .   (helmet restricted)
rPois    .         Spirit   .   (no amulet)
rElec    .         Reflect  .   (no ring)
rCorr    .         Harm     .   (no ring)
MR       .....                  (no ring)
Stlth    ++++......             (no ring)
HPRegen  0.09/turn              (no ring)
MPRegen  0.10/turn              (no ring)
                                (no ring)
                                (no ring)

@: appendage (expiring)
A: almost no armour, stealthy swim, amphibious, 8 rings, constrict 8, tentacle
spike 3, camouflage 1, gelatinous body 1
a: End Transformation


You were on level 3 of the Dungeon.
You were not hungry.
One of your tentacles had a temporary spike.
You visited 1 branch of the dungeon, and saw 3 of its levels.

You collected 124 gold pieces.

Inventory:

Missiles
 a - 52 arrows
 e - 13 poisoned darts (quivered)
Scrolls
 b - 5 scrolls of teleportation {unknown}
 d - a scroll of blinking {unknown}
 f - 3 scrolls of identify {unknown}
 g - 2 scrolls of enchant armour {unknown}
 l - 2 scrolls of remove curse {unknown}
 m - 2 scrolls of enchant weapon {unknown}
Potions
 h - 2 potions of berserk rage {unknown}
 i - a potion of cancellation {unknown}
 j - 2 potions of curing {unknown}
 k - a potion of brilliance {unknown}
 n - a potion of degeneration {unknown}
 p - a potion of flight {unknown}
Comestibles
 c - 2 rations
 o - 2 chunks of flesh


   Skills:
 + Level 1.0 Fighting
 + Level 2.3 Dodging
 + Level 1.2 Stealth
 + Level 3.8 Unarmed Combat
 * Level 2.5 Spellcasting
 * Level 2.9 Transmutations


You had 7 spell levels left.
You knew the following spells:

 Your Spells              Type           Power        Failure   Level  Hunger
a - Beastly Appendage     Tmut           ##....       6%          1    #......

Your spell library contained the following spells:

 Spells                   Type           Power        Failure   Level  Hunger
 Sticks to Snakes         Tmut           ##......     9%          2    ##.....
 Spider Form              Tmut/Pois      #.........   32%         3    ###....
 Ice Form                 Ice/Tmut       #.......     71%         4    #####..
 Blade Hands              Tmut           ##........   85%         5    ######.


Dungeon Overview and Level Annotations

Branches:
Dungeon (3/15)

Altars:
Okawaru

Portals:
Sewer: D:3


Innate Abilities, Weirdness & Mutations

You cannot wear most types of armour.
You are very stealthy in the water. (Stealth+)
You are amphibious.
You can wear up to eight rings at the same time.
You can use your tentacles to constrict eight enemies at once.
Your skin changes colour to match your surroundings (Stealth+).
Your rubbery body absorbs attacks. (AC +1, EV +1)
One of your tentacles bears a large vicious spike.


Message History

You constrict the river rat, but do no damage.
The river rat closely misses you.
You barely miss the river rat.
The river rat is severely wounded.
You constrict the river rat, but do no damage.
The river rat bites you!
* * * LOW HITPOINT WARNING * * *
You tentacle-slap the river rat.
The river rat is almost dead.
You constrict the river rat, but do no damage.
The river rat barely misses you.
You tentacle-slap the river rat but do no damage.
The river rat is almost dead.
You constrict the river rat, but do no damage.
The river rat misses you.
You tentacle-slap the river rat but do no damage.
The river rat is almost dead.
You constrict the river rat, but do no damage.
The river rat bites you!
You die...

#........<....+
#.......#######
#.......+ ###
####....# ###≈#
≈#∩#....# #≈≈≈#
≈#≈#....#
#≈#≈##≈#≈#....#
#≈#≈#≈≈#r#....#
#≈#≈#≈##@#)...#
#≈#≈#≈≈≈≈#....#
#†#≈#≈####....#
#≈#≈≈≈≈≈≈#%...#
##########≈#÷...#
#.≈≈≈≈≈≈≈≈≈#.####
#.≈≈#≈#≈####.#
#..≈.≈≈≈≈≈.?.#
#......≈.÷...#


You could see a river rat.

Vanquished Creatures
  2 adders
  3 river rats (D:3)
  A worm (D:3)
  A dart slug (D:3)
  A ball python (D:1)
  3 giant cockroaches
  4 goblins (D:1)
  4 hobgoblins
  3 jackals (D:1)
  A quokka (D:3)
  2 bats
  5 frilled lizards
  6 kobolds
  4 rats
40 creatures vanquished.

Notes
Turn   | Place    | Note
-------+----------+-------------------------------------------
     0 | D:1      | H0rd4k the Octopode Transmuter began the quest for the Orb.
     0 | D:1      | Reached XP level 1. HP: 13/13 MP: 3/3
   207 | D:1      | Reached XP level 2. HP: 18/18 MP: 5/5
  1134 | D:2      | Found an iron altar of Okawaru.
  1376 | D:2      | Reached XP level 3. HP: 23/23 MP: 6/6
  1945 | D:3      | Reached XP level 4. HP: 13/28 MP: 5/7
  1976 | D:3      | Reached skill level 1 in Stealth
  1993 | D:3      | Found a glowing drain.
  2005 | D:3      | Slain by a river rat

Illustrated notes

Levels and vault maps discovered:
D:1:      minmay_arrival_nine_rooms, layout_loops_ring
D:2:      layout_basic, okawaru_gym_becter
D:3:      layout_basic, lightli_sewer_entry_pipes

Skill      XL: |  1  2  3  4 |
---------------+-------------+-----
Stealth        | 1 |  1.2
Fighting       | |  1.0
Dodging        | |  2.3
Unarmed Combat | |  3.8
Spellcasting   | |  2.5
Transmutations | |  2.9

Action                   |  1- 3 |  4- 6 || total
-------------------------+-------+-------++-------
Melee: Unarmed           |    89 |    21 ||   110
       Constrict         |    25 |     4 ||    29
       Tentacles         |    13 |     5 ||    18
       Kick              |     2 |     1 ||     3
       Punch             |     1 |       ||     1
 Cast: Beastly Appendage |     2 |     1 ||     3
 Stab: Sleeping          |     5 |     3 ||     8
  Eat: Chunk             |     3 |       ||     3
Armor: Skin              |     6 |       ||     6
Dodge: Dodged            |    57 |    15 ||    72
